MID
LAKEWOOD BLUECLAWS @ PEORIA CHIEFS
09/19/2045
 
TOP OF THE 1ST
Lakewood BlueClaws batting - Pitching for Peoria Chiefs : RHP Kohsuke Naito
Pitching: RHP Kohsuke Naito
Batting: RHB Chris Myers 0-0: SINGLE (Groundball, 6MD, EV 103.8 MPH)
Batting: LHB Tsuneharu Nishimura 0-0: Ball
Chris Myers steals 2nd base
1-0: Called Strike
1-1: Ball
2-1: Fly out, F5 (Flyball, 5D, EV 90.6 MPH)
Batting: LHB Josh George 0-0: Ball
1-0: Called Strike
1-1: Called Strike
1-2: Ball
2-2: 2-RUN HOME RUN (Flyball, 78XD, EV 102.5 MPH), Distance : 397 ft
Batting: RHB Manny Mendoza 0-0: Ground out 6-3 (Groundball, 6, EV 105.0 MPH)
Batting: RHB Matt McDevitt 0-0: Called Strike
0-1: Swinging Strike
0-2: Ball
1-2: Ground out 4-3 (Groundball, 4, EV 86.9 MPH)
Top of the 1st over - 2 runs, 2 hits, 0 errors, 0 left on base; Lakewood 2 - Peoria 0
BOTTOM OF THE 1ST
Peoria Chiefs batting - Pitching for Lakewood BlueClaws : RHP Jorge Sanchez
Pitching: RHP Jorge Sanchez
Batting: SHB Bobby O'Leary 0-0: SINGLE (Groundball, P, EV 83.1 MPH) (infield hit)
Batting: RHB John Peterson 0-0: Ball
Bobby O'Leary steals 2nd base (no throw)
1-0: SINGLE (Line Drive, 34, EV 93.8 MPH)
Bobby O'Leary to third
Batting: LHB Billy Guzman 0-0: Called Strike
0-1: Ball
1-1: Called Strike
John Peterson is caught stealing 2nd base 2-6
1-2: Ball
2-2: Foul Ball, location: 2F
2-2: Strikes out looking
Batting: RHB Immel Kamuzu 0-0: Ball
1-0: Ball
2-0: Fly out, F7 (Flyball, 7LS, EV 88.8 MPH)
Bottom of the 1st over - 0 runs, 2 hits, 0 errors, 1 left on base; Lakewood 2 - Peoria 0
TOP OF THE 2ND
Lakewood BlueClaws batting - Pitching for Peoria Chiefs : RHP Kohsuke Naito
Batting: RHB Victor Arroyo 0-0: Ball
1-0: Swinging Strike
1-1: Ball
2-1: Called Strike
2-2: Foul Ball, location: 2F
2-2: Foul Ball, location: 2F
2-2: Fly out, F8 (Flyball, 78XD, EV 85.0 MPH)
Batting: RHB Roberto Ruiz 0-0: Called Strike
0-1: Ball
1-1: Called Strike
1-2: Foul Ball, location: 2F
1-2: Foul Ball, location: 2F
1-2: Ball
2-2: Ground out 6-3 (Groundball, 6, EV 103.8 MPH)
Batting: LHB Danny Zuniga 0-0: Foul Ball, location: 2F
0-1: Called Strike
0-2: Ball
1-2: Foul Ball, location: 2F
1-2: Foul Ball, location: 2F
1-2: Strikes out swinging
Top of the 2nd over - 0 runs, 0 hits, 0 errors, 0 left on base; Lakewood 2 - Peoria 0
BOTTOM OF THE 2ND
Peoria Chiefs batting - Pitching for Lakewood BlueClaws : RHP Jorge Sanchez
Batting: LHB Robert Rauda 0-0: Ball
1-0: Ball
2-0: Foul Ball, location: 2F
2-1: Called Strike
2-2: SINGLE (Line Drive, 8RS, EV 94.4 MPH)
Batting: LHB Adam Eisen 0-0: Ball
1-0: Called Strike
1-1: Called Strike
1-2: Ball
2-2: Ball
3-2: Fly out, F3 (Popup, 3L, EV 78.1 MPH)
Batting: RHB Pat Scaturro 0-0: Called Strike
0-1: Grounds into double play, 6-4-3 (Groundball, 6, EV 103.1 MPH)
Bottom of the 2nd over - 0 runs, 1 hit, 0 errors, 0 left on base; Lakewood 2 - Peoria 0
TOP OF THE 3RD
Lakewood BlueClaws batting - Pitching for Peoria Chiefs : RHP Kohsuke Naito
Batting: RHB Gary Hills 0-0: Ball
1-0: Swinging Strike
1-1: Swinging Strike
1-2: Foul Ball, location: 2F
1-2: Strikes out swinging
Batting: RHB Chris Myers 0-0: Foul Ball, location: 2F
0-1: Swinging Strike
0-2: SINGLE (Flyball, 9LS, EV 88.8 MPH)
Batting: LHB Tsuneharu Nishimura 0-0: Called Strike
Chris Myers steals 2nd base (no throw)
0-1: Ball
1-1: Ball
2-1: Ball
3-1: Foul Ball, location: 2F
3-2: Strikes out swinging
Batting: LHB Josh George 0-0: SINGLE (Groundball, 3S, EV 69.4 MPH) (infield hit)
Chris Myers to third
Batting: RHB Manny Mendoza 0-0: Called Strike
0-1: Ball
1-1: Called Strike
1-2: Ball
2-2: Fly out, F2 (Popup, 23F, EV 83.1 MPH)
Top of the 3rd over - 0 runs, 2 hits, 0 errors, 2 left on base; Lakewood 2 - Peoria 0
BOTTOM OF THE 3RD
Peoria Chiefs batting - Pitching for Lakewood BlueClaws : RHP Jorge Sanchez
Batting: RHB Brad Payne 0-0: Ball
1-0: Ball
2-0: Ball
3-0: Called Strike
3-1: Base on Balls
Batting: RHB Mario Mendoza 0-0: Called Strike
0-1: Swinging Strike
0-2: Ball
Wild Pitch!
Brad Payne to second
1-2: DOUBLE (Line Drive, 89D, EV 106.9 MPH)
Brad Payne scores
Batting: SHB Bobby O'Leary 0-0: Ball
1-0: Ball
2-0: Ball
3-0: Called Strike
3-1: Base on Balls
Batting: RHB John Peterson 0-0: Ball
1-0: Ball
Mario Mendoza steals 3rd base (no throw)
2-0: Called Strike
2-1: Grounds into double play, 6-4-3 (Groundball, 6, EV 96.2 MPH)
Mario Mendoza scores
Batting: LHB Billy Guzman 0-0: Called Strike
0-1: Ball
1-1: Ball
2-1: Called Strike
2-2: Ground out 4-3 (Groundball, 13, EV 81.9 MPH)
Bottom of the 3rd over - 2 runs, 1 hit, 0 errors, 0 left on base; Lakewood 2 - Peoria 2
TOP OF THE 4TH
Lakewood BlueClaws batting - Pitching for Peoria Chiefs : RHP Kohsuke Naito
Batting: RHB Matt McDevitt 0-0: Ball
1-0: SOLO HOME RUN (Flyball, 7D, EV 96.2 MPH), Distance : 389 ft
Batting: RHB Victor Arroyo 0-0: Ball
1-0: Foul Ball, location: 2F
1-1: Ball
2-1: Ball
3-1: Called Strike
3-2: Foul Ball, location: 2F
3-2: Base on Balls
Batting: RHB Roberto Ruiz 0-0: Foul Ball, location: 2F
0-1: Ball
1-1: Foul Ball, location: 2F
1-2: Ball
2-2: Ball
3-2: Fielders Choice at 2nd, 6-4 (Groundball, 6, EV 104.4 MPH)
Batting: LHB Danny Zuniga 0-0: Fly out, F8 (Flyball, 8RD, EV 95.0 MPH)
Batting: RHB Gary Hills 0-0: Called Strike
0-1: Fly out, F9 (Flyball, 9S, EV 93.1 MPH)
Top of the 4th over - 1 run, 1 hit, 0 errors, 1 left on base; Lakewood 3 - Peoria 2
BOTTOM OF THE 4TH
Peoria Chiefs batting - Pitching for Lakewood BlueClaws : RHP Jorge Sanchez
Batting: RHB Immel Kamuzu 0-0: Ball
1-0: Ball
2-0: Foul Ball, location: 2F
2-1: Ball
3-1: SINGLE (Line Drive, 9S, EV 87.5 MPH)
Batting: LHB Robert Rauda 0-0: Ball
1-0: SINGLE (Groundball, 4M, EV 105.6 MPH) (infield hit)
Immel Kamuzu to second
Batting: LHB Adam Eisen 0-0: Ball
1-0: Ball
2-0: Ball
3-0: Base on Balls
Immel Kamuzu to third
Robert Rauda to second
Pitching: LHP Gabe Benitez
Batting: RHB Pat Scaturro 0-0: Called Strike
0-1: Ball
1-1: Foul Ball, location: 2F
1-2: Strikes out swinging
Batting: RHB Brad Payne 0-0: Ball
1-0: Ball
2-0: SINGLE (Groundball, 6MD, EV 106.9 MPH)
Immel Kamuzu scores
Robert Rauda to third
Adam Eisen to second
Batting: RHB Mario Mendoza 0-0: Ball
1-0: Ball
2-0: Ball
3-0: Called Strike
3-1: Base on Balls
Robert Rauda scores
Adam Eisen to third
Brad Payne to second
Batting: SHB Bobby O'Leary 0-0: Foul Ball, location: 2F
0-1: Fielders Choice at 2nd, 5-4 (Groundball, 56, EV 101.2 MPH)
Adam Eisen scores
Brad Payne to third
Now at 2B: Pablo Lopez
Batting: RHB John Peterson 0-0: Ball
1-0: Foul Ball, location: 2F
1-1: Ball
Wild Pitch!
Brad Payne scores
Bobby O'Leary to second
Balk!
Bobby O'Leary to third
2-1: Ball
3-1: SINGLE (Groundball, 56D, EV 94.4 MPH)
Bobby O'Leary scores
Batting: LHB Billy Guzman 0-0: Called Strike
0-1: Ball
1-1: Ball
2-1: Fly out, F7 (Flyball, 7S, EV 88.8 MPH)
Bottom of the 4th over - 5 runs, 4 hits, 0 errors, 1 left on base; Lakewood 3 - Peoria 7
TOP OF THE 5TH
Lakewood BlueClaws batting - Pitching for Peoria Chiefs : RHP Kohsuke Naito
Batting: RHB Chris Myers 0-0: Ball
1-0: Fly out, F4 (Popup, 4, EV 71.9 MPH)
Batting: LHB Tsuneharu Nishimura 0-0: Ball
1-0: Ball
2-0: Ground out 6-3 (Groundball, 4M, EV 94.4 MPH)
Batting: LHB Josh George 0-0: Called Strike
0-1: Fly out, F9 (Flyball, 89D, EV 95.6 MPH)
Top of the 5th over - 0 runs, 0 hits, 0 errors, 0 left on base; Lakewood 3 - Peoria 7
BOTTOM OF THE 5TH
Peoria Chiefs batting - Pitching for Lakewood BlueClaws : LHP Gabe Benitez
Batting: RHB Immel Kamuzu 0-0: Ball
1-0: Ball
2-0: Ball
3-0: Base on Balls
Batting: LHB Robert Rauda Pickoff Throw to First - Out! 1-3
0-0: Ball
1-0: Called Strike
1-1: Fly out, F2 (Popup, 2LF, EV 94.4 MPH)
Batting: LHB Adam Eisen 0-0: Ball
1-0: Foul Ball, location: 2F
1-1: Ball
2-1: Foul Ball, location: 2F
2-2: Foul Ball, location: 2F
2-2: Ball
3-2: Strikes out swinging
Bottom of the 5th over - 0 runs, 0 hits, 0 errors, 0 left on base; Lakewood 3 - Peoria 7
TOP OF THE 6TH
Lakewood BlueClaws batting - Pitching for Peoria Chiefs : RHP Kohsuke Naito
Pitching: LHP Heath Maher
Batting: RHB Manny Mendoza 0-0: Ground out 6-3 (Groundball, 6, EV 108.1 MPH)
Batting: RHB Matt McDevitt 0-0: Ball
1-0: Ball
2-0: Ground out 5-3 (Groundball, 56S, EV 82.5 MPH)
Batting: RHB Victor Arroyo 0-0: Called Strike
0-1: Ball
1-1: Called Strike
1-2: Foul Ball, location: 2F
1-2: Foul Ball, location: 2F
1-2: Foul Ball, location: 2F
1-2: Foul Ball, location: 2F
1-2: Ball
2-2: Foul Ball, location: 2F
2-2: SINGLE (Line Drive, 8RS, EV 103.8 MPH)
Batting: RHB Pablo Lopez 0-0: Foul Ball, location: 2F
0-1: DOUBLE (Line Drive, 78XD, EV 105.6 MPH)
Victor Arroyo to third
Pitching: RHP Asao Saito
Batting: LHB Danny Zuniga 0-0: Ball
1-0: Called Strike
1-1: Foul Ball, location: 2F
1-2: Foul Ball, location: 2F
1-2: Foul Ball, location: 2F
1-2: Ground out 4-3 (Groundball, 13, EV 81.9 MPH)
Top of the 6th over - 0 runs, 2 hits, 0 errors, 2 left on base; Lakewood 3 - Peoria 7
BOTTOM OF THE 6TH
Peoria Chiefs batting - Pitching for Lakewood BlueClaws : LHP Gabe Benitez
Batting: RHB Pat Scaturro 0-0: Called Strike
0-1: Ball
1-1: SINGLE (Line Drive, 9S, EV 101.9 MPH)
Batting: RHB Brad Payne 0-0: Ball
Balk!
Pat Scaturro to second
1-0: Ground out 6-3 (Groundball, 6, EV 82.5 MPH)
Batting: RHB Mario Mendoza 0-0: Called Strike
0-1: Swinging Strike
0-2: Ball
1-2: SINGLE (Flyball, 89S, EV 90.0 MPH)
Pat Scaturro to third
Batting: SHB Bobby O'Leary 0-0: Called Strike
Mario Mendoza steals 2nd base (no throw)
0-1: Called Strike
0-2: Foul Ball, location: 2F
0-2: Strikes out swinging
Pitching: RHP Ricardo Dominguez
Batting: RHB John Peterson 0-0: Called Strike
0-1: Foul Ball, location: 2F
0-2: Ball
1-2: Fly out, F3 (Line Drive, 3, EV 75.0 MPH)
Bottom of the 6th over - 0 runs, 2 hits, 0 errors, 2 left on base; Lakewood 3 - Peoria 7
TOP OF THE 7TH
Lakewood BlueClaws batting - Pitching for Peoria Chiefs : RHP Asao Saito
Batting: RHB Gary Hills 0-0: Ball
1-0: Ball
2-0: Called Strike
2-1: SINGLE (Groundball, 34D, EV 95.6 MPH)
Batting: RHB Chris Myers 0-0: Ball
1-0: Bunted foul
1-1: Sac Bunt to 13 - play at first, batter OUT! 1-4
Gary Hills to second
Batting: LHB Tsuneharu Nishimura 0-0: Foul Ball, location: 2F
0-1: Ball
1-1: Foul Ball, location: 2F
1-2: Fly out, F8 (Flyball, 89M, EV 90.6 MPH)
Batting: LHB Josh George 0-0: Called Strike
0-1: Foul Ball, location: 2F
0-2: Ball
1-2: Strikes out swinging
Top of the 7th over - 0 runs, 1 hit, 0 errors, 1 left on base; Lakewood 3 - Peoria 7
BOTTOM OF THE 7TH
Peoria Chiefs batting - Pitching for Lakewood BlueClaws : RHP Ricardo Dominguez
Batting: LHB Billy Guzman 0-0: Called Strike
0-1: Foul Ball, location: 2F
0-2: Ball
1-2: Ball
2-2: Strikes out swinging
Batting: RHB Immel Kamuzu 0-0: Ball
1-0: Called Strike
1-1: Ball
2-1: Called Strike
2-2: Ball
3-2: Ground out 5-3 (Groundball, 5, EV 83.1 MPH)
Batting: LHB Robert Rauda 0-0: Ball
1-0: Ball
2-0: Foul Ball, location: 2F
2-1: Ground out 6-3 (Groundball, 6, EV 102.5 MPH)
Bottom of the 7th over - 0 runs, 0 hits, 0 errors, 0 left on base; Lakewood 3 - Peoria 7
TOP OF THE 8TH
Lakewood BlueClaws batting - Pitching for Peoria Chiefs : RHP Asao Saito
Pitching: RHP Mike Pemble
Batting: RHB Manny Mendoza 0-0: Called Strike
0-1: Ball
1-1: Ball
2-1: SINGLE (Groundball, 4D, EV 103.8 MPH)
Batting: RHB Matt McDevitt 0-0: Ball
1-0: Called Strike
1-1: Foul Ball, location: 2F
1-2: Ball
2-2: Strikes out swinging
Batting: RHB Victor Arroyo 0-0: Ball
1-0: Foul Ball, location: 2F
1-1: Swinging Strike
1-2: Strikes out looking
Batting: RHB Pablo Lopez 0-0: Called Strike
0-1: Ball
1-1: Ball
2-1: Swinging Strike
2-2: Strikes out swinging
Top of the 8th over - 0 runs, 1 hit, 0 errors, 1 left on base; Lakewood 3 - Peoria 7
BOTTOM OF THE 8TH
Peoria Chiefs batting - Pitching for Lakewood BlueClaws : RHP Ricardo Dominguez
Pitching: RHP John Hughes
Batting: LHB Adam Eisen 0-0: Ball
1-0: Swinging Strike
1-1: Called Strike
1-2: Ball
2-2: Fly out, F8 (Flyball, 8RD, EV 88.8 MPH)
Batting: RHB Pat Scaturro 0-0: Swinging Strike
0-1: Called Strike
0-2: Ball
1-2: Foul Ball, location: 2F
1-2: Ground out 5-3 (Groundball, 56, EV 84.4 MPH)
Batting: RHB Brad Payne 0-0: Ball
1-0: Ground out 5-3 (Groundball, 56, EV 98.8 MPH)
Bottom of the 8th over - 0 runs, 0 hits, 0 errors, 0 left on base; Lakewood 3 - Peoria 7
TOP OF THE 9TH
Lakewood BlueClaws batting - Pitching for Peoria Chiefs : RHP Mike Pemble
Pitching: RHP Pabiyan Vetlitsky
Batting: LHB Danny Zuniga 0-0: Called Strike
0-1: Reached on error, E3 (Groundball, 34, EV 100.0 MPH)
Batting: RHB Gary Hills 0-0: Ball
1-0: Foul Ball, location: 2F
1-1: Swinging Strike
1-2: Ball
2-2: Ball
3-2: Fly out, F8 (Flyball, 8RD, EV 86.9 MPH)
Batting: RHB Chris Myers 0-0: Ball
1-0: Foul Ball, location: 2F
1-1: Ground out 5-3 (Groundball, 56S, EV 71.2 MPH)
Danny Zuniga to second
Batting: LHB Tsuneharu Nishimura 0-0: Ball
1-0: Called Strike
1-1: Ball
2-1: Called Strike
2-2: Ground out 6-3 (Groundball, 6, EV 102.5 MPH)
Top of the 9th over - 0 runs, 0 hits, 1 error, 1 left on base; Lakewood 3 - Peoria 7
Wednesday, June 22nd , 2022 - OOTP Baseball 23.4 Build 64